 Dungeon Crawl Stone Soup version 0.27-a0-328-g7f782ed93a (webtiles) character file.

Game seed: 17355536251287606633

49144 puppykicker the Severer (level 14, -1/108 HPs)
             Began as a Hill Orc Monk on Feb 11, 2021.
             Was a High Priest of Beogh.
             Killed by divine providence
             ... invoked by a daeva
              (12 damage)
             ... on level 3 of the Abyss.
             The game lasted 01:06:45 (19190 turns).

puppykicker the Severer (Hill Orc Monk)            Turns: 19190, Time: 01:06:46

Health: -1/108     AC: 30    Str: 25      XL:     14   Next: 49%
Magic:  22/22      EV:  7    Int:  9 (10) God:    Beogh [*****.]
Gold:   262        SH:  0    Dex: 13      Spells: 13/13 levels left

rFire    . . .     SeeInvis .   X - +5 war axe (distort) {!w}
rCold    . . .     Faith    .   U - +0 buckler
rNeg     . . .     Spirit   .   J - +5 crystal plate armour
rPois    .         Reflect  +   q - +0 helmet
rElec    .         Harm     .   (no cloak)
rCorr    .         Rampage  .   y - +0 pair of gloves
Will     +....                  (no boots)
Stlth    ..........             o - amulet of reflection
HPRegen  0.28/turn              I - ring of Shadows {Umbra +Inv Stlth+}
MPRegen  0.18/turn              e - +6 ring of strength

@: confused
A: walk on water
a: Renounce Religion, Evoke Invisibility, Smiting, Recall Orcish Followers, Give
Item to Named Follower


You were on level 3 of the Abyss.
You worshipped Beogh.
Beogh was extremely pleased with you.
You visited 1 branch of the dungeon, and saw 15 of its levels.
You visited the Abyss 1 time.
You also visited: Sewer, Ossuary and Ice Cave.

You collected 1630 gold pieces.
You spent 1368 gold pieces at shops.

Inventory:

Hand Weapons
 i - a +3 scimitar of flaming
 k - a +2 vorpal great mace
 O - a +1 vorpal battleaxe
 R - a +3 scimitar of flaming
 X - a +5 war axe of distortion (weapon) {!w}
Missiles
 F - 8 javelins (quivered)
 G - 8 silver javelins
 L - a throwing net
 P - a curare-tipped dart
Armour
 a - +0 steam dragon scales
 p - a +0 tower shield
 q - a +0 helmet (worn)
 w - a +0 scale mail of cold resistance {rC+}
 y - a +0 pair of gloves (worn)
 C - a +0 chain mail of poison resistance {rPois}
 J - a +5 crystal plate armour (worn)
 T - the +2 scale mail "Ecygg" {Str+5}
   (You found it on level 10 of the Dungeon)

   It affects your strength (+5).
 U - a +0 buckler (worn)
Jewellery
 b - a ring of willpower
 e - a +6 ring of strength (right hand)
 o - an amulet of reflection (around neck)
 D - an amulet of the acrobat
 I - the ring of Shadows (left hand) {Umbra +Inv Stlth+}
   (You found it on level 8 of the Dungeon)

   [ring of stealth]

   It lets you turn invisible.
   It makes you more stealthy.
 N - a ring of positive energy {rN+}
 S - a ring of see invisible
 W - a ring of wizardry {Wiz+}
Wands
 s - a wand of paralysis (15)
 x - a wand of mindburst (23)
 z - a wand of iceblast (7)
 A - a wand of flame (22)
 E - a wand of charming (6)
 M - a wand of acid (5)
Scrolls
 f - a scroll of fog
 r - 3 scrolls of immolation {!r}
 t - 5 scrolls of teleportation
 u - 4 scrolls of amnesia
Potions
 j - 3 potions of attraction {!q}
 l - 3 potions of mutation {!q}
 m - 5 potions of flight
 v - a potion of lignification {!q}
 H - a potion of brilliance
 Q - a potion of cancellation


   Skills:
 + Level 5.9 Fighting
 - Level 16.0 Axes
 - Level 6.5 Throwing
 + Level 13.6 Armour
 - Level 3.6 Dodging
 - Level 1.5 Stealth
 + Level 13.1 Shields
 - Level 11.4 Invocations


You had 13 spell levels left.
You didn't know any spells.
Your spell library contained the following spells:

 Spells                   Type           Power        Failure   Level
 Foxfire                  Conj/Fire      0%           100%        1
 Shock                    Conj/Air       0%           100%        1
 Sting                    Tmut/Pois      0%           100%        1
 Summon Small Mammal      Summ           0%           100%        1
 Call Imp                 Summ           0%           100%        2
 Swiftness                Air            0%           100%        2
 Call Canine Familiar     Summ           0%           100%        3
 Static Discharge         Conj/Air       0%           100%        3
 Summon Guardian Golem    Hex/Summ       0%           100%        3
 Airstrike                Air            0%           100%        4
 Summon Ice Beast         Ice/Summ       0%           100%        4
 Summon Lightning Spire   Summ/Air       0%           100%        4
 Blade Hands              Tmut           0%           100%        5
 Lightning Bolt           Conj/Air       0%           100%        5
 Statue Form              Tmut/Erth      0%           100%        6
 Dragon Form              Tmut           0%           100%        7


Dungeon Overview and Level Annotations

Branches:
Dungeon (15/15)            Temple (0/1) D:4            Lair (0/6) D:11
    Orc (0/2) D:10         Vaults (0/5) D:14          Sewer (visited)
Ossuary (visited)           IceCv (visited)
 Depths: D:15

Altars:
Dithmenos
Fedhas
Gozag
Hepliaklqana
Kikubaaqudgha
Makhleb
Okawaru
Qazlal
Ru
Trog
Uskayaw
Vehumet
Wu Jian
Yredelemnul
Beogh

Shops:
D:4 *   D:12 *   D:13 *:

Annotations:
D:6 1 runed translucent door, Sabo's ghost, novice DsFi
D:13 34 runed doors


Message History

The rust devil closely misses your orc warrior.
A deafening chorus of shrieks assaults your mind!
* * * LOW HITPOINT WARNING * * *
You suddenly lose the ability to move!
The starcursed mass engulfs you but does no damage.
You can move again.
You take 12 damage, and have 18/108 hp.
The kobold demonologist gestures wildly while chanting.
The starcursed mass engulfs Arkwar but does no damage.
The starcursed mass engulfs you but does no damage.
The rust devil barely misses your orc warrior.
Unknown command.
The daeva hits your orc warrior with a +2 scimitar of holy wrath! x2
Arkwar unwields a +0 arbalest.
Arkwar wields a +2 great mace.
Arkwar hits the kobold demonologist with a +2 great mace!
Your orc priest calls down the wrath of Beogh upon the starcursed mass.
The starcursed mass is smitten.
The starcursed mass shudders and is absorbed by its neighbour.
The kobold demonologist hits you but does no damage.
The starcursed mass engulfs Arkwar but does no damage.
The red devil hits you but does no damage.
The rust devil closely misses your orc warrior.
Unknown command.
The daeva calls down the wrath of the Shining One upon you.
The Shining One smites you!
* * * LOW HITPOINT WARNING * * *
The rakshasa blinks!
The kobold demonologist hits you but does no damage.
The rust devil dies!
The starcursed mass engulfs Arkwar but does no damage.
The starcursed mass barely misses you.
A starcursed mass splits.
Arkwar hits the kobold demonologist with a +2 great mace!
The kobold demonologist dies!
The red devil disappears in a puff of smoke!
The neqoxec disappears in a puff of smoke!
You take 8 damage, and have 10/108 hp.
Unknown command.
The daeva calls down the wrath of the Shining One upon you.
The Shining One smites you!
You die...

.. ## . . . ..
.##..## . # .
#. #. . . # .
#..#..#. #.
... .. ... ..#
. #†#..#..## .
#...#.##.#
#...#.....#
#.#.....o@# #
.###...#o)XX.#
#.
##.#o#XXX#§...
### #A#.X#X#
.. .
#...#..... ...
.#...#. #..#
.##....# .##
##. #§..


You could see 7 starcursed masses, a daeva, the friendly Arkwar the orc knight,
a friendly orc warrior (strong, corroded) and a friendly orc priest (strong).

Levels and vault maps discovered:
D:1:      wander_arrival_chamber, layout_loops_corners, minmay_tetromino_i2
D:2:      layout_basic
D:3:      layout_rooms
D:4:      kennysheep_goblin_castle, layout_loops_corners,
          grunt_temple_overflow_growth_and_decay, minmay_temple_entry_mist,
          enter_ossuary_4, minmay_misc_feat_encased, grunt_ministairs_11,
          nicolae_elemental_shop, chei_slow_surprise, uniq_grinder
D:5:      kennysheep_kobold_camp, layout_gridville, portal_sewer_entry_e,
          uniq_eustachio
D:6:      minmay_polygon_palace, layout_basic, hellmonk_ghost_happy_afterlife,
          basic_altar, nicolae_dithmenos_shadow_blocks
D:7:      layout_loops_ring, minitemple
D:8:      layout_loops_ring
D:9:      layout_cave_pools, pdpol_wu_jian_five_deadly_venoms
D:10:     layout_irregular_city, david_orc_5, worms_lemuel
D:11:     layout_roguey, grunt_lair_entry_orc_guard_hut,
          portal_ice_cave_entry_ice_beasts, uniq_psyche
D:12:     layout_loops_corners, guppyfry_shop_earth, uniq_jorgrun, uniq_azrael
D:13:     layout_gridville, gammafunk_ghost_door_vault, serial_shops,
          nicolae_shop_temple_entry_statues_fountains, shop
D:14:     layout_loops_ring, hangedman_vaults_entry_quadrant_bands, uniq_rupert,
          uniq_nessos
D:15:     grunt_enter_depths_magical_seal, layout_irregular_city,
          wad_floor_pattern_untrapped, okawaru_ov_weapons_minmay
Abyss:3:  base: D:11, evilmike_abyss_exit_glass, bh_abyss_negative,
          evilmike_abyss_exit_chaos

Notes
Turn   | Place    | Note
-------+----------+-------------------------------------------
     0 | D:1      | puppykicker the Hill Orc Monk began the quest for the Orb.
     0 | D:1      | Reached XP level 1. HP: 19/19 MP: 1/1
   640 | D:1      | Reached XP level 2. HP: 27/27 MP: 2/2
   661 | D:1      | Identified a +0 ring mail (You found it on level 1 of the
                  | Dungeon)
   687 | D:1      | Reached skill level 4 in Fighting
   706 | D:1      | Identified a +0 whip
   812 | D:1      | Identified a +0 hunting sling (You found it on level 1 of
                  | the Dungeon)
   813 | D:1      | Identified a +0 hand axe
   926 | D:1      | Identified a +0 club
   963 | D:1      | Identified a +0 whip
   996 | D:1      | Identified a +0 dagger
  1001 | D:1      | Reached skill level 5 in Axes
  1002 | D:1      | Reached XP level 3. HP: 29/33 MP: 3/3
  1499 | D:2      | Identified a +0 war axe (You found it on level 2 of the
                  | Dungeon)
  1545 | D:2      | Identified a +3 ring mail (You found it on level 2 of the
                  | Dungeon)
  1580 | D:2      | You fall into a shaft and drop 1 floor!
  1619 | D:2      | Identified a +0 dagger
  1622 | D:2      | Identified a +0 short sword
  1743 | D:2      | Identified a +0 club
  1748 | D:2      | Reached XP level 4. HP: 26/40 MP: 4/4
  1758 | D:2      | Reached skill level 1 in Armour
  2103 | D:3      | Reached skill level 6 in Axes
  2210 | D:3      | Identified a +0 dagger
  2247 | D:3      | Identified a +0 club
  2289 | D:3      | Identified a +0 club
  2292 | D:3      | Reached skill level 1 in Throwing
  2301 | D:3      | Identified a ring of wizardry (You found it on level 3 of
                  | the Dungeon)
  2316 | D:3      | Identified 2 scrolls of magic mapping
  2349 | D:3      | Identified a +0 falchion
  2349 | D:3      | Identified a +0 falchion
  2349 | D:3      | Identified a +0 leather armour
  2351 | D:3      | Identified a +0 mace
  2352 | D:3      | Identified a +0 club
  2449 | D:3      | Identified a +0 club
  2476 | D:3      | Identified an amulet of reflection (You found it on level 3
                  | of the Dungeon)
  2541 | D:3      | Reached XP level 5. HP: 45/46 MP: 5/5
  2681 | D:4      | Found a sand-covered staircase.
  2701 | Ossuary  | Entered an ossuary
  2733 | Ossuary  | Reached skill level 2 in Armour
  2786 | Ossuary  | Reached skill level 7 in Axes
  2822 | Ossuary  | Reached XP level 6. HP: 45/52 MP: 6/6
  2907 | Ossuary  | Reached skill level 2 in Throwing
  3038 | D:4      | Identified 4 scrolls of identify
  3038 | D:4      | Identified a potion of haste
  3039 | D:4      | Identified 3 potions of heal wounds
  3040 | D:4      | Identified a potion of degeneration
  3041 | D:4      | Identified 2 potions of might
  3043 | D:4      | Identified 2 scrolls of blinking
  3084 | D:4      | Identified a +0 dagger
  3182 | D:4      | Noticed an ice beast
  3189 | D:4      | Killed an ice beast
  3190 | D:4      | Reached skill level 3 in Armour
  3250 | D:4      | Identified a +0 mace
  3258 | D:4      | Identified a +0 dagger
  3258 | D:4      | Identified a +0 robe
  3260 | D:4      | Identified a +0 short sword
  3260 | D:4      | Identified a +0 club
  3260 | D:4      | Identified a +0 leather armour
  3261 | D:4      | Identified a +0 flail
  3261 | D:4      | Identified a +0 scale mail
  3264 | D:4      | Reached skill level 8 in Axes
  3264 | D:4      | Reached XP level 7. HP: 55/59 MP: 7/7
  3274 | D:4      | Identified a +0 hunting sling
  3275 | D:4      | Identified a +0 hunting sling
  3340 | D:4      | Identified a +0 helmet (You found it on level 4 of the
                  | Dungeon)
  3363 | D:4      | Identified a +0 hunting sling
  3449 | D:4      | Found Ufyotzu's Elemental Accessories.
  3513 | D:4      | Found a staircase to the Ecumenical Temple.
  3530 | D:4      | Identified 2 potions of curing
  3623 | D:4      | Found an ancient bone altar of Kikubaaqudgha.
  3623 | D:4      | Found a blossoming altar of Fedhas.
  3626 | D:4      | Identified a +0 dagger
  3626 | D:4      | Identified a +0 robe
  3626 | D:4      | Identified a +0 war axe
  3710 | D:4      | Identified a +0 short sword
  3710 | D:4      | Identified a +0 ring mail
  3710 | D:4      | Identified a +0 short sword
  3710 | D:4      | Identified a +0 club
  3710 | D:4      | Identified a +0 morningstar
  3710 | D:4      | Identified a +0 scale mail
  3711 | D:4      | Became a worshipper of Beogh the Brigand
  3711 | D:4      | Reached * piety under Beogh
  3711 | D:4      | Reached ** piety under Beogh
  3726 | D:4      | Reached skill level 3 in Throwing
  3988 | D:4      | Identified Sif Muna's Reference Book on Fire and Changing
  4020 | D:4      | Identified a +0 trident of freezing
  4020 | D:4      | Identified a +0 leather armour
  4102 | D:4      | Noticed Grinder
  4127 | D:4      | Killed Grinder
  4128 | D:4      | Reached skill level 9 in Axes
  4128 | D:4      | Reached skill level 4 in Armour
  4128 | D:4      | Reached skill level 1 in Invocations
  4128 | D:4      | Reached XP level 8. HP: 27/66 MP: 4/9
  4263 | D:5      | Entered Level 5 of the Dungeon
  4270 | D:5      | Reached skill level 2 in Invocations
  4340 | D:5      | Found a glowing drain.
  4355 | Sewer    | Entered a sewer
  4360 | Sewer    | Noticed Purgy
  4367 | Sewer    | Killed Purgy
  4367 | Sewer    | Identified a +0 troll leather armour {Purgy}
  4490 | Sewer    | Identified a +0 club
  4587 | Sewer    | Identified a +0 dagger
  4643 | D:5      | Identified a +0 falchion
  4643 | D:5      | Identified a +0 leather armour
  4668 | D:5      | Identified a potion of lignification
  4898 | D:5      | Identified a +0 vampiric rapier
  4898 | D:5      | Identified a +0 leather armour
  4898 | D:5      | Noticed Eustachio
  4943 | D:5      | Reached skill level 3 in Invocations
  5013 | D:5      | Identified a +0 dagger
  5018 | D:5      | Identified a +0 whip
  5018 | D:5      | Identified a +3 dagger of venom
  5019 | D:5      | Identified a +0 dagger
  5019 | D:5      | Identified a +0 short sword
  5021 | D:5      | Identified a +0 short sword
  5026 | D:5      | Identified a +0 club
  5027 | D:5      | Identified a +0 short sword
  5035 | D:5      | Reached skill level 10 in Axes
  5091 | D:5      | Identified a +0 dagger
  5092 | D:5      | Identified a +0 dagger
  5151 | D:5      | Identified 3 potions of mutation
  5209 | D:5      | Killed Eustachio
  5210 | D:5      | Reached skill level 4 in Throwing
  5210 | D:5      | Reached skill level 5 in Armour
  5217 | D:5      | Identified a +0 hand axe of electrocution (You found it on
                  | level 5 of the Dungeon)
  5363 | D:5      | Identified a potion of ambrosia
  5611 | D:6      | Reached skill level 4 in Invocations
  5617 | D:6      | Identified a +0 shortbow
  5617 | D:6      | Identified a +0 giant club
  5628 | D:6      | Identified a +0 dagger
  5628 | D:6      | Identified a +0 leather armour
  5635 | D:6      | Reached XP level 9. HP: 71/71 MP: 12/12
  5641 | D:6      | Noticed Sabo's ghost (novice DsFi)
  5683 | D:6      | Identified 4 potions of flight
  5691 | D:6      | Found a runed translucent door.
  5800 | D:6      | Found an opulent altar of Gozag.
  6032 | D:6      | Identified a +0 dagger
  6032 | D:6      | Identified a +0 robe
  6042 | D:6      | Reached *** piety under Beogh
  6044 | D:6      | Reached skill level 11 in Axes
  6068 | D:6      | HP: 15/71 [ice beast (4)]
  6111 | D:6      | Identified a +0 halberd
  6114 | D:6      | Identified a +0 flail
  6134 | D:6      | Identified a +2 spear of distortion
  6138 | D:6      | Identified a +0 halberd
  6140 | D:6      | Reached skill level 5 in Invocations
  6348 | D:6      | Found a shadowy altar of Dithmenos.
  6386 | D:6      | Got an ichor-stained dagger
  6424 | D:6      | Identified the +5 dagger of Dasifung {flame, rF+ Int+3}
                  | (You found it on level 6 of the Dungeon)
  6582 | D:6      | Identified a +0 giant spiked club
  6582 | D:6      | Identified a +0 giant club
  6608 | D:6      | Reached skill level 6 in Armour
  6635 | D:6      | Identified a +0 chain mail of poison resistance (You found
                  | it on level 6 of the Dungeon)
  6660 | D:6      | Identified a +3 short sword
  6660 | D:6      | Identified a +0 robe
  6660 | D:6      | Identified a +0 giant spiked club
  6665 | D:6      | Reached skill level 5 in Throwing
  7024 | D:7      | Identified a potion of attraction
  7060 | D:7      | Identified a +0 falchion
  7060 | D:7      | Identified a +0 robe
  7062 | D:7      | Identified a +2 falchion
  7062 | D:7      | Identified a +0 robe
  7062 | D:7      | Identified a +3 falchion
  7062 | D:7      | Identified a +0 robe
  7091 | D:7      | Identified a ring of see invisible (You found it on level 7
                  | of the Dungeon)
  7112 | D:7      | Found a bloodstained altar of Trog.
  7112 | D:7      | Identified a +0 shortbow
  7113 | D:7      | Identified a +0 flail
  7113 | D:7      | Found an iron altar of Okawaru.
  7132 | D:7      | Found a basalt altar of Yredelemnul.
  7136 | D:7      | Found a hazy altar of Hepliaklqana.
  7136 | D:7      | Found a burning altar of Makhleb.
  7136 | D:7      | Found a sacrificial altar of Ru.
  7137 | D:7      | Found a radiant altar of Vehumet.
  7144 | D:7      | Identified a +0 pair of gloves (You found it on level 7 of
                  | the Dungeon)
  7144 | D:7      | Found a hide-covered altar of Uskayaw.
  7145 | D:7      | Found a stormy altar of Qazlal.
  7226 | D:7      | Identified an amulet of the acrobat (You found it on level
                  | 7 of the Dungeon)
  7260 | D:7      | Identified a ring of positive energy (You found it on level
                  | 7 of the Dungeon)
  7283 | D:7      | Reached skill level 12 in Axes
  7283 | D:7      | Reached skill level 6 in Invocations
  7545 | D:7      | Identified a +0 giant spiked club
  7789 | D:8      | Identified a +0 flail
  7789 | D:8      | Identified a +0 leather armour
  7789 | D:8      | Identified a +1 dagger of holy wrath
  7789 | D:8      | Identified a +0 robe
  7790 | D:8      | Identified a +0 dagger
  7790 | D:8      | Identified a +0 robe
  7790 | D:8      | Identified a +0 chain mail
  7791 | D:8      | Identified a +0 flail
  7791 | D:8      | Identified a +0 leather armour
  7791 | D:8      | Identified a +0 club
  7791 | D:8      | Identified a +0 dagger of venom
  7791 | D:8      | Identified a +0 robe
  7791 | D:8      | Identified a +0 hand axe
  7792 | D:8      | Identified a +0 dagger
  7792 | D:8      | Identified a +0 robe
  7792 | D:8      | Identified a +0 war axe
  7824 | D:8      | Identified a +0 giant spiked club
  7824 | D:8      | Identified a +0 dire flail
  7824 | D:8      | Noticed a two-headed ogre
  7824 | D:8      | Identified a +0 shortbow
  7830 | D:8      | HP: 13/71 [centaur/arrow (10)]
  8215 | D:8      | Killed a two-headed ogre
  8216 | D:8      | Reached XP level 10. HP: 55/78 MP: 13/15
  8261 | D:8      | Identified a +0 leather armour
  8282 | D:8      | Identified a +0 dagger
  8282 | D:8      | Identified a +0 robe
  8307 | D:8      | Reached skill level 7 in Armour
  8310 | D:8      | Identified a +0 trident
  8310 | D:8      | Identified a +0 plate armour
  8310 | D:8      | Identified a +0 flail
  8459 | D:8      | Reached skill level 7 in Invocations
  8478 | D:8      | Identified a +0 giant spiked club
  8478 | D:8      | Identified a +0 giant club
  8478 | D:8      | Noticed a two-headed ogre
  8490 | D:8      | HP: 9/78 [two-headed ogre/+0 giant spiked club (20)]
  8491 | D:8      | Killed a two-headed ogre
  8492 | D:8      | Reached skill level 13 in Axes
  8909 | D:8      | Found the ring of Shadows {Umbra +Inv Stlth+}
  9017 | D:8      | Reached skill level 6 in Throwing
  9221 | D:8      | Identified a +0 club
  9284 | D:9      | Identified a +0 war axe
  9284 | D:9      | Identified a +0 ring mail
  9284 | D:9      | Identified a +0 flail
  9284 | D:9      | Identified a +0 short sword
  9284 | D:9      | Identified a +0 dagger
  9284 | D:9      | Identified a +0 robe
  9285 | D:9      | Identified a +0 dagger
  9285 | D:9      | Identified a +0 robe
  9285 | D:9      | Identified a +0 club
  9285 | D:9      | Identified a +2 dagger of flaming
  9285 | D:9      | Identified a +0 robe
  9285 | D:9      | Identified a +0 whip
  9287 | D:9      | Identified a +0 dagger
  9287 | D:9      | Identified a +0 robe
  9291 | D:9      | Identified a +0 giant club
  9299 | D:9      | Reached **** piety under Beogh
  9419 | D:9      | Identified a potion of brilliance
  9420 | D:9      | Identified a scroll of enchant armour
  9421 | D:9      | Identified 3 scrolls of immolation
  9422 | D:9      | Identified 3 scrolls of teleportation
  9485 | D:9      | Identified a +0 giant club
  9485 | D:9      | Identified a +0 giant club
  9485 | D:9      | Noticed a two-headed ogre
  9496 | D:9      | Identified a +2 war axe
  9496 | D:9      | Identified a +0 robe
  9497 | D:9      | Identified a +0 battleaxe
  9497 | D:9      | Identified a +0 robe
  9497 | D:9      | Identified a +1 short sword of electrocution
  9497 | D:9      | Identified a +0 robe
  9497 | D:9      | Identified a +0 halberd
  9497 | D:9      | Identified a +0 robe
  9498 | D:9      | Killed a two-headed ogre
  9498 | D:9      | Gained Ognian as an ally
  9499 | D:9      | Reached skill level 3 in Dodging
  9511 | D:9      | Identified a +0 giant club
  9513 | D:9      | HP: 16/79 [kobold brigand (5)]
  9519 | D:9      | HP: 15/80 [kobold/stone (2)]
  9521 | D:9      | Your ally Ognian died
  9632 | D:9      | Identified a +0 short sword
  9988 | D:9      | Found an ornate altar of the Wu Jian Council.
 10048 | D:10     | Entered Level 10 of the Dungeon
 10048 | D:10     | Identified a +1 dagger of venom
 10048 | D:10     | Identified a +0 leather armour
 10048 | D:10     | Identified a +0 dagger
 10048 | D:10     | Identified a +0 leather armour
 10048 | D:10     | Identified a +0 dagger
 10048 | D:10     | Identified a +0 dagger
 10048 | D:10     | Identified a +0 robe
 10056 | D:10     | Identified a +0 dagger
 10056 | D:10     | Identified a +0 robe
 10056 | D:10     | Identified a +0 club
 10058 | D:10     | Identified a +0 flail
 10059 | D:10     | Identified a +0 dagger
 10059 | D:10     | Identified a +0 robe
 10137 | D:10     | Reached ***** piety under Beogh
 10138 | D:10     | Reached skill level 5 in Fighting
 10166 | D:10     | Identified a +0 spear
 10167 | D:10     | Identified a +2 flail of protection
 10168 | D:10     | Identified a +0 club
 10168 | D:10     | Identified a +0 robe
 10168 | D:10     | Identified a +0 club
 10169 | D:10     | Identified a +0 halberd
 10203 | D:10     | Identified a +0 giant club
 10214 | D:10     | Reached XP level 11. HP: 82/88 MP: 16/16
 10216 | D:10     | Reached skill level 8 in Invocations
 10265 | D:10     | Identified a +0 club
 10265 | D:10     | Identified a +0 war axe
 10265 | D:10     | Identified a +0 chain mail
 10265 | D:10     | Identified a +0 club
 10266 | D:10     | Identified a +0 trident
 10266 | D:10     | Identified a +0 chain mail
 10266 | D:10     | Identified a +0 hand axe
 10266 | D:10     | Identified a +0 leather armour
 10266 | D:10     | Identified a +1 vorpal battleaxe
 10266 | D:10     | Identified a +0 chain mail
 10266 | D:10     | Identified a +0 short sword
 10268 | D:10     | Identified a +0 flail
 10268 | D:10     | Identified a +0 leather armour
 10269 | D:10     | Identified a +0 hand axe
 10270 | D:10     | Identified a +0 glaive
 10270 | D:10     | Identified a +0 plate armour
 10278 | D:10     | Identified a +0 dagger of speed
 10280 | D:10     | HP: 20/88 [orc warrior/+0 glaive (5)]
 10282 | D:10     | Identified a +0 mace (You took it off an orc priest on
                  | level 10 of the Dungeon)
 10284 | D:10     | Identified a +0 glaive
 10284 | D:10     | Identified a +0 chain mail
 10285 | D:10     | Identified a +0 trident
 10285 | D:10     | Identified a +0 leather armour
 10285 | D:10     | Identified a +0 flail
 10285 | D:10     | Identified a +0 leather armour
 10285 | D:10     | Identified a +0 leather armour
 10286 | D:10     | Found a roughly hewn altar of Beogh.
 10286 | D:10     | Found a staircase to the Orcish Mines.
 10291 | D:10     | Identified a +0 trident
 10291 | D:10     | Identified a +0 leather armour
 10764 | D:10     | Identified a +0 flail
 10764 | D:10     | Identified a +0 club
 10765 | D:10     | Identified a +0 battleaxe
 10765 | D:10     | Identified a +0 chain mail
 10765 | D:10     | Identified a +0 dagger
 10765 | D:10     | Identified a +0 robe
 10786 | D:10     | Identified a +1 flail of protection (You found it on level
                  | 10 of the Dungeon)
 10802 | D:10     | Identified a +1 war axe of distortion (You found it on
                  | level 10 of the Dungeon)
 10867 | D:10     | Got a topaz-encrusted scale mail
 10878 | D:10     | Identified the +2 scale mail "Ecygg" {Str+5} (You found it
                  | on level 10 of the Dungeon)
 10990 | D:10     | Identified a +0 club
 10994 | D:10     | Identified a +0 giant club
 10994 | D:10     | Identified a +0 giant club
 10994 | D:10     | Noticed a two-headed ogre
 11002 | D:10     | Killed a two-headed ogre
 11003 | D:10     | Reached skill level 14 in Axes
 11003 | D:10     | Reached skill level 1 in Shields
 11077 | D:10     | Identified a +0 tower shield (You found it on level 3 of
                  | the Dungeon)
 11524 | D:11     | Identified a +0 giant spiked club
 11524 | D:11     | Identified a +0 giant spiked club
 11524 | D:11     | Noticed a two-headed ogre
 11529 | D:11     | Killed a two-headed ogre
 11530 | D:11     | Reached skill level 2 in Shields
 11534 | D:11     | Noticed a five-headed hydra
 11539 | D:11     | Killed a five-headed hydra
 11540 | D:11     | Reached skill level 3 in Shields
 11540 | D:11     | Reached skill level 9 in Invocations
 11606 | D:11     | Got a shimmering mace
 11641 | D:11     | Identified a +0 dagger
 11642 | D:11     | Identified a +0 club
 11642 | D:11     | Identified a +0 club
 11646 | D:11     | Identified a +3 dagger of chaos
 11646 | D:11     | Identified a +0 robe
 11646 | D:11     | Noticed Psyche
 11663 | D:11     | Killed Psyche
 11675 | D:11     | Gained Bogdan as an ally
 11692 | D:11     | Found a frozen archway.
 11849 | IceCv    | Entered an ice cave
 11871 | IceCv    | Reached skill level 4 in Shields
 11890 | IceCv    | HP: 18/88 [ice beast (14)]
 11905 | IceCv    | Reached skill level 10 in Invocations
 12798 | D:11     | Identified 2 scrolls of noise
 12835 | D:11     | Found a staircase to the Lair.
 12835 | D:11     | Identified a +0 mace
 12835 | D:11     | Identified a +0 chain mail
 12877 | D:11     | Reached skill level 5 in Shields
 12916 | D:11     | Identified a +0 giant club
 12916 | D:11     | Identified a +0 dire flail
 12916 | D:11     | Noticed a two-headed ogre
 12923 | D:11     | Banished a two-headed ogre
 12924 | D:11     | Reached skill level 15 in Axes
 12989 | D:11     | Identified a +0 leather armour
 12989 | D:11     | Identified a +0 dagger
 12989 | D:11     | Identified a +0 robe
 12990 | D:11     | Identified a +0 whip
 12990 | D:11     | Identified a +0 leather armour
 12990 | D:11     | Identified a +0 leather armour
 12990 | D:11     | Identified a +0 battleaxe
 12990 | D:11     | Identified a +0 robe
 12990 | D:11     | Identified a +1 long sword
 12990 | D:11     | Identified a +0 robe
 12991 | D:11     | Identified a +0 flail
 12991 | D:11     | Identified a +0 ring mail
 12991 | D:11     | Identified a +2 scimitar
 12991 | D:11     | Identified a +0 robe
 12992 | D:11     | Identified a +0 giant club
 12992 | D:11     | Identified a +0 giant club
 12992 | D:11     | Noticed a two-headed ogre
 12992 | D:11     | Identified a +3 long sword of freezing
 12992 | D:11     | Identified a +0 robe
 12992 | D:11     | Identified a +0 spear
 12992 | D:11     | Identified a +0 robe
 12998 | D:11     | Killed a two-headed ogre
 12999 | D:11     | Reached XP level 12. HP: 79/94 MP: 19/19
 13056 | D:11     | Reached skill level 6 in Shields
 13133 | D:11     | Reached skill level 11 in Invocations
 13412 | D:11     | Identified the +4 mace of Qeocvuf {pain, +Inv +Fly} (You
                  | found it on level 11 of the Dungeon)
 13436 | D:11     | Identified 3 scrolls of enchant weapon
 13439 | D:11     | Identified 2 scrolls of random uselessness
 13642 | D:12     | Identified a +0 shortbow
 13812 | D:12     | Identified a +0 hand axe
 13821 | D:12     | Identified a +0 giant spiked club
 13883 | D:12     | Identified a +0 mace
 13889 | D:12     | Found Luqan's Pet Rocks.
 13893 | D:12     | Identified a +0 mace
 13893 | D:12     | Identified a +0 dire flail
 13923 | D:12     | Bought a +0 crystal plate armour for 1280 gold pieces
 14121 | D:12     | Reached skill level 8 in Armour
 14122 | D:12     | Identified a +4 scimitar of flaming
 14122 | D:12     | Noticed Azrael
 14141 | D:12     | Reached skill level 7 in Shields
 14145 | D:12     | HP: 21/94 [Azrael/damnation (40)]
 14150 | D:12     | HP: 21/94 [Azrael/+4 scimitar of flaming (4)]
 14152 | D:12     | Killed Azrael
 14622 | D:12     | Identified a +0 dagger
 14622 | D:12     | Identified a +3 leather armour
 14622 | D:12     | Identified a +0 vorpal quarterstaff
 14622 | D:12     | Identified a +2 robe
 14622 | D:12     | Noticed Jorgrun
 14636 | D:12     | Your ally Bogdan died
 14645 | D:12     | Killed Jorgrun
 14646 | D:12     | Reached skill level 16 in Axes
 14646 | D:12     | Reached skill level 9 in Armour
 14646 | D:12     | Reached skill level 8 in Shields
 14647 | D:12     | HP: 16/94 [deep elf pyromancer/sticky flame (9)]
 15163 | D:12     | Identified a +0 buckler (You found it on level 12 of the
                  | Dungeon)
 15279 | D:13     | Identified a +0 shortbow
 15280 | D:13     | Identified a +0 shortbow
 15281 | D:13     | Identified a +0 shortbow
 15281 | D:13     | Identified a +0 shortbow
 15281 | D:13     | Identified a +0 short sword
 15282 | D:13     | Identified a +0 short sword
 15423 | D:13     | Found a huge runed gate.
 15423 | D:13     | Found a huge runed gate.
 15423 | D:13     | Found a huge runed gate.
 15423 | D:13     | Found a huge runed gate.
 15424 | D:13     | Found a huge runed gate.
 15440 | D:13     | Found a huge runed gate.
 15440 | D:13     | Found Orutzunn's Assorted Antiques.
 15441 | D:13     | Found a huge runed gate.
 15441 | D:13     | Found a huge runed gate.
 15442 | D:13     | Found a huge runed gate.
 15442 | D:13     | Found a huge runed gate.
 15442 | D:13     | Found a huge runed gate.
 15443 | D:13     | Found a huge runed gate.
 15444 | D:13     | Found a huge runed gate.
 15445 | D:13     | Found a huge runed gate.
 15446 | D:13     | Found a huge runed gate.
 15447 | D:13     | Found a huge runed gate.
 15448 | D:13     | Bought a scroll labelled UREXOI ENAAPP for 22 gold pieces
 15448 | D:13     | Bought a scroll of teleportation for 66 gold pieces
 15764 | D:13     | Found a huge runed gate.
 15764 | D:13     | Found a huge runed gate.
 15764 | D:13     | Found a huge runed gate.
 15764 | D:13     | Found a huge runed gate.
 15764 | D:13     | Found a huge runed gate.
 15767 | D:13     | Found a huge runed gate.
 15767 | D:13     | Found a huge runed gate.
 15768 | D:13     | Found a huge runed gate.
 15768 | D:13     | Found a huge runed gate.
 15768 | D:13     | Found a huge runed gate.
 15768 | D:13     | Identified a +0 shortbow
 15768 | D:13     | Noticed a centaur warrior
 15778 | D:13     | Banished a centaur warrior
 15781 | D:13     | Found a huge runed gate.
 15808 | D:13     | Found Zoicush's Book Shoppe.
 15927 | D:13     | Identified +0 steam dragon scales
 15942 | D:13     | Found a huge runed gate.
 15945 | D:13     | Found a huge runed gate.
 15945 | D:13     | Found a huge runed gate.
 15945 | D:13     | Found a huge runed gate.
 15945 | D:13     | Found a huge runed gate.
 15945 | D:13     | Found a huge runed gate.
 15945 | D:13     | Found a huge runed gate.
 15994 | D:13     | Identified 2 scrolls of fog
 15995 | D:13     | Identified a scroll of fear
 16021 | D:13     | Identified a scroll of torment
 16205 | D:13     | Identified 4 scrolls of amnesia
 16346 | D:13     | Reached XP level 13. HP: 88/101 MP: 21/21
 16348 | D:13     | Reached skill level 9 in Shields
 16353 | D:13     | Reached skill level 10 in Armour
 16771 | D:14     | Identified a ring of willpower (You found it on level 14 of
                  | the Dungeon)
 16790 | D:14     | Identified a ring of strength (You found it on level 14 of
                  | the Dungeon)
 16851 | D:14     | Reached skill level 10 in Shields
 17016 | D:14     | Identified a +0 club
 17016 | D:14     | Identified a +0 scale mail
 17020 | D:14     | Identified a +0 trident
 17020 | D:14     | Identified a +0 chain mail
 17056 | D:14     | Identified a +2 vorpal great mace
 17056 | D:14     | Identified a +0 scale mail of cold resistance
 17056 | D:14     | Noticed Rupert
 17073 | D:14     | Killed Rupert
 17074 | D:14     | Reached skill level 11 in Armour
 17242 | D:14     | Identified a +0 dagger
 17283 | D:14     | Identified a +0 shortbow
 17298 | D:14     | Identified a +0 war axe
 17298 | D:14     | Gained Berold as an ally
 17331 | D:14     | Identified a +0 long sword
 17331 | D:14     | Identified a +0 leather armour
 17331 | D:14     | Identified a +0 whip
 17332 | D:14     | Identified a +0 dagger
 17332 | D:14     | Identified a +0 long sword
 17332 | D:14     | Identified a +0 leather armour
 17332 | D:14     | Identified a +0 dagger
 17332 | D:14     | Identified a +0 longbow
 17332 | D:14     | Identified a +0 leather armour
 17333 | D:14     | Identified a +0 dagger
 17333 | D:14     | Identified a +0 robe
 17333 | D:14     | Identified a +0 short sword
 17335 | D:14     | Identified a +0 dagger
 17335 | D:14     | Identified a +0 scale mail
 17341 | D:14     | Identified a +0 dagger of speed
 17341 | D:14     | Identified a +0 robe
 17346 | D:14     | Reached skill level 11 in Shields
 17346 | D:14     | Identified a +0 arbalest
 17349 | D:14     | Identified a +0 arbalest
 17352 | D:14     | Identified a +0 scimitar
 17352 | D:14     | Identified a +0 chain mail
 17352 | D:14     | HP: 23/101 [yaktaur/bolt (21)]
 17353 | D:14     | Identified a +0 dagger
 17354 | D:14     | Identified a +0 arbalest
 17356 | D:14     | Identified a +3 long sword
 17356 | D:14     | Identified a +0 chain mail
 17361 | D:14     | Your ally Berold died
 17629 | D:14     | Found a gate to the Vaults.
 17744 | D:14     | Identified a +2 longbow of flaming
 17744 | D:14     | Identified a +0 barding
 17744 | D:14     | Noticed Nessos
 17756 | D:14     | Killed Nessos
 17757 | D:14     | Reached skill level 12 in Armour
 17874 | D:14     | Identified a +3 scimitar of flaming
 18017 | D:14     | Identified a potion of cancellation
 18130 | D:15     | Entered Level 15 of the Dungeon
 18142 | D:15     | HP: 6/101 [white ugly thing (30)]
 18153 | D:15     | Identified a +0 kite shield
 18153 | D:15     | Gained Alork as an ally
 18154 | D:15     | Reached XP level 14. HP: 41/107 MP: 22/22
 18398 | D:15     | Identified a +1 scimitar of flaming
 18405 | D:15     | Reached skill level 12 in Shields
 18484 | D:15     | Identified a +0 spear
 18484 | D:15     | Identified a +0 robe
 18486 | D:15     | Identified a +0 dire flail
 18486 | D:15     | Identified a +0 giant club
 18486 | D:15     | Identified a +0 giant club
 18486 | D:15     | Identified a +0 giant spiked club
 18487 | D:15     | Paralysed by an ogre mage for 6 turns
 18488 | D:15     | Identified a +0 giant club
 18488 | D:15     | Identified a +0 giant club
 18489 | D:15     | Identified a +0 giant club
 18492 | D:15     | Identified a +0 giant club
 18492 | D:15     | Identified a +0 giant spiked club
 18514 | D:15     | Identified a +0 giant spiked club
 18514 | D:15     | Identified a +0 giant spiked club
 18530 | D:15     | Reached skill level 13 in Armour
 18542 | D:15     | Identified a +2 dagger of protection
 18542 | D:15     | Identified a +0 robe
 18775 | D:15     | Identified the +9 short sword of Makhleb's Generosity
                  | {chaos, rElec rC+ Int+3}
 18775 | D:15     | Identified a +0 robe
 18781 | D:15     | Cast into level 3 of the Abyss (a wizard)
 18904 | Abyss:3  | Noticed a lich
 18964 | Abyss:3  | Identified a +3 scimitar of flaming
 19050 | Abyss:3  | Identified a +0 mace
 19050 | Abyss:3  | Identified a +0 chain mail
 19050 | Abyss:3  | Identified a +2 great mace
 19050 | Abyss:3  | Identified a +0 arbalest
 19050 | Abyss:3  | Identified a +0 chain mail
 19050 | Abyss:3  | Identified a +0 dire flail
 19050 | Abyss:3  | Identified a +0 chain mail
 19053 | Abyss:3  | Reached skill level 13 in Shields
 19095 | Abyss:3  | Gained Arkwar as an ally
 19156 | Abyss:3  | Noticed a starcursed mass
 19163 | Abyss:3  | Identified a +0 dagger
 19163 | Abyss:3  | Identified a +0 robe
 19170 | Abyss:3  | Paralysed by accursed screaming for 2 turns
 19175 | Abyss:3  | Identified a +2 long sword
 19175 | Abyss:3  | Identified a +0 robe
 19176 | Abyss:3  | Paralysed by accursed screaming for 2 turns
 19181 | Abyss:3  | Identified a +2 scimitar of holy wrath
 19181 | Abyss:3  | Identified a +0 tower shield
 19181 | Abyss:3  | Noticed a daeva
 19184 | Abyss:3  | HP: 26/108 [starcursed mass/accursed screaming (7)]
 19186 | Abyss:3  | Paralysed by accursed screaming for 1 turns
 19188 | Abyss:3  | Identified a +0 trident
 19189 | Abyss:3  | HP: 10/108 [daeva/divine providence (8)]
 19190 | Abyss:3  | Killed from afar by a daeva

Table legend: (Time is in decaauts)
 A = Elapsed time spent in this place.
 B = Non-inter-level travel time spent in this place.
 C = Inter-level travel time spent in this place.
 D = Time resting spent in this place.
 E = Time spent auto-exploring this place.
 F = Levels seen in this place.
 G = Mean time per level.
                   A        B        C        D        E       F      G
               +--------+--------+--------+--------+--------+-----+--------+
         Total |  19058 |  18612 |    446 |   6738 |   8238 |  19 | 1003.1 |
       Dungeon |  17127 |  16681 |    446 |   5765 |   7886 |  15 | 1141.8 |
         Abyss |    369 |    369 |      0 |     75 |     68 |   1 |  369.0 |
         Sewer |    276 |    276 |      0 |     96 |     80 |   1 |  276.0 |
       Ossuary |    346 |    346 |      0 |    146 |    109 |   1 |  346.0 |
      Ice Cave |    938 |    938 |      0 |    655 |     95 |   1 |  938.0 |
               +--------+--------+--------+--------+--------+-----+--------+

Top non-repeatable levels by time:
    D:12: 1646 daAuts
    D:10: 1440 daAuts
    D:13: 1426 daAuts
    D:14: 1367 daAuts
     D:1: 1332 daAuts
     D:6: 1314 daAuts
     D:4: 1275 daAuts
    D:11: 1218 daAuts
     D:7: 1195 daAuts
     D:8: 1100 daAuts
     D:5: 1072 daAuts
   IceCv: 938 daAuts
     D:2: 763 daAuts
     D:9: 738 daAuts
    D:15: 634 daAuts

Table legend:
 A = Kills in this place as a percentage of kills in entire the game.
 B = Kills by you in this place as a percentage of kills by you in the entire game.
 C = Kills by friends in this place as a percentage of kills by friends in the entire game.
 D = Other kills in this place as a percentage of other kills in the entire game.
 E = Experience gained in this place as a percentage of experience gained in the entire game.
 F = Experience gained in this place divided by the number of levels of this place that you have seen.
                   A       B       C       D       E      F
               +-------+-------+-------+-------+-------+----------------------
         Total | 100.0 | 100.0 | 100.0 | 100.0 | 100.0 | 3695.1
       Dungeon |  86.6 |  87.5 |  85.7 |  72.2 |  84.0 | 3929.5
         Abyss |   6.4 |   4.2 |  14.3 |  11.1 |  12.4 | 8730.0
         Sewer |   1.2 |   1.6 |   0.0 |   0.0 |   0.2 | 151.0
       Ossuary |   3.2 |   4.2 |   0.0 |   0.0 |   0.3 | 181.0
      Ice Cave |   2.6 |   2.6 |   0.0 |  16.7 |   3.1 | 2201.0
               +-------+-------+-------+-------+-------+----------------------

Skill      XL: |  1  2  3  4  5  6  7  8  9 10 11 12 13 14 |
---------------+-------------------------------------------+-----
Fighting       | 4 5 |  5.9
Axes           | 5 6 7 8 9 10 12 13 15 16 | 16.0
Armour         | 1 2 3 4 5 6 7 9 12 13 | 13.6
Throwing       | 1 2 3 4 5 6 |  6.5
Invocations    | 1 4 6 7 10 11 | 11.4
Dodging        | 3 |  3.6
Shields        | 5 8 11 13 | 13.1
Stealth        | |  1.5

Action                   |  1- 3 |  4- 6 |  7- 9 | 10-12 | 13-15 || total
-------------------------+-------+-------+-------+-------+-------++-------
Melee: Hand axe          |    89 |       |   174 |   206 |       ||   469
       War axe           |    35 |   133 |   191 |   329 |   281 ||   969
       Dagger            |       |       |     8 |       |       ||     8
Throw: Boomerang         |     1 |    27 |    10 |       |       ||    38
       Javelin           |       |     6 |     8 |     4 |       ||    18
       Dart              |       |       |     9 |       |     2 ||    11
Invok: Smiting           |       |       |     5 |     7 |     7 ||    19
       Convert to Beogh  |       |       |     1 |       |       ||     1
       Recall Orcish Fol |       |       |       |     3 |     3 ||     6
       Give Item to Name |       |       |       |     1 |     1 ||     2
Evoke: Wand              |       |       |    10 |     4 |     7 ||    21
  Use: Scroll            |       |     6 |     7 |    21 |     2 ||    36
       Potion            |       |       |     2 |     9 |    13 ||    24
 Stab: Sleeping          |       |       |     1 |       |       ||     1
       Distracted        |       |       |       |     4 |     3 ||     7
       Confused          |       |       |       |     1 |       ||     1
       Paralysed         |       |       |       |       |     2 ||     2
Armor: Robe              |     5 |       |       |       |       ||     5
       Ring mail         |    35 |    54 |   108 |       |       ||   197
       Chain mail        |       |       |    23 |    51 |       ||    74
       Scale mail        |       |       |       |    52 |       ||    52
       Crystal plate arm |       |       |       |    50 |   112 ||   162
Dodge: Dodged            |    95 |    66 |   141 |   102 |    55 ||   459
Block: Other             |       |    23 |    61 |    24 |       ||   108
       Reflection        |       |       |     6 |    20 |     8 ||    34
       Tower shield      |       |       |       |   239 |       ||   239
       Buckler           |       |       |       |    29 |   110 ||   139

Vanquished Creatures
  Rupert (D:14)
  Jorgrun (D:12)
  Nessos (D:14)
  Azrael (D:12)
  A great orb of eyes (Abyss:3)
  2 boulder beetles
  A hydra (D:11)
  A centaur warrior (D:14)
  7 two-headed ogres
  A wretched star (Abyss:3)
  2 sixfirhies (Abyss:3)
  A spatial maelstrom (Abyss:3)
  An unseen horror (D:14)
  A glowing orange brain (Abyss:3)
  A deep elf archer (D:14)
  A deep elf zephyrmancer (D:14)
  A wizard (D:15)
  5 ugly things
  3 deep elf pyromancers
  A will-o-the-wisp (Abyss:3)
  2 manticores (D:14)
  A centaur zombie (D:14)
  Psyche (D:11)
  A gargoyle (D:12)
  A rime drake (IceCv)
  3 centaur skeletons
  A kobold demonologist (D:14)
  2 yaktaurs (D:14)
  2 efreet
  A freezing wraith (D:15)
  An ancient zyme (Abyss:3)
  A troll (D:15)
  A hornet (D:14)
  Grinder (D:4)
  3 raiju (Abyss:3)
  A shadow (D:14)
  A ynoxinul (Abyss:3)
  2 wyverns
  2 fire elementals (D:12)
  Eustachio (D:5)
  13 yaks
  2 vampire mosquitoes (D:14)
  A chaos spawn (Abyss:3)
  A basilisk (D:14)
  2 steam dragons
  2 swamp worms (D:10)
  2 water moccasins
  An acid dragon (shapeshifter) (D:15)
  Purgy (Sewer)
  4 hell hounds (D:12)
  3 sky beasts
  4 orc warriors
  8 ogres
  19 ice beasts
  A starcursed mass (Abyss:3)
  6 centaurs
  5 kobold brigands
  A small abomination (Abyss:3)
  7 bullfrogs
  An elf zombie (Ossuary)
  An earth elemental (D:12)
  2 scorpions
  2 killer bees (D:7)
  7 wights
  2 howler monkeys
  3 quasits
  2 jellies
  7 hounds
  2 orc priests
  A bullfrog skeleton (D:11)
  A gnoll shaman (D:10)
  10 orc wizards
  15 worker ants
  4 mummies (Ossuary)
  A hound zombie (D:11)
  A hound skeleton (D:6)
  A worker ant zombie (D:6)
  6 gnolls
  14 adders
  2 river rats (D:5)
  A shadow imp (D:8)
  2 white imps
  An ufetubus (D:10)
  2 adder skeletons
  An adder zombie (Ossuary)
  A worm (D:2)
  2 dart slugs
  6 leopard geckos
  19 orcs
  4 giant cockroaches
  A gnoll zombie (Ossuary)
  13 goblins
  7 hobgoblins
  9 jackals
  5 quokkas
  4 ball pythons
  6 bats
  6 frilled lizards
  5 goblin zombies
  2 hobgoblin zombies (Ossuary)
  A jackal zombie (D:7)
  38 kobolds
  A kobold zombie (Ossuary)
  A leopard gecko skeleton (D:6)
  An orc zombie (Ossuary)
  A quokka skeleton (D:5)
  13 rats
  2 rat zombies
386 creatures vanquished.

Vanquished Creatures (collateral kills)
  A boulder beetle (D:15)
  An ogre mage (D:15)
  4 two-headed ogres
  An orc knight (D:14)
  4 ugly things
  A deep elf pyromancer (D:14)
  A slime creature (D:14)
  A wolf spider (D:11)
  A centaur zombie (D:13)
  2 gargoyles (D:12)
  A centaur skeleton (D:15)
  A kobold demonologist (Abyss:3)
  An efreet (D:15)
  A yaktaur (D:14)
  A komodo dragon (D:10)
  An ancient zyme (Abyss:3)
  A freezing wraith (D:14)
  A raiju (Abyss:3)
  A basilisk (D:11)
  A wyvern (D:13)
  8 yaks
  A fire elemental (D:12)
  A golden eye (Abyss:3)
  A large abomination (Abyss:3)
  5 ice beasts (D:11)
  An eye of draining (D:11)
  3 orc warriors
  2 ogres
  2 centaurs (D:13)
  A small abomination (Abyss:3)
  2 kobold brigands
  2 bullfrogs
  A wyvern skeleton (D:9)
  2 scorpions (D:12)
  A killer bee (D:7)
  6 wights
  A quasit (D:11)
  8 starcursed masses (Abyss:3)
  2 hounds
  3 orc priests
  A jelly (D:9)
  2 orc wizards
  2 worker ants
  2 gnolls (D:10)
  An adder skeleton (D:7)
  3 orcs (D:10)
  A jackal (D:9)
  A jackal skeleton (D:9)
  5 kobolds
98 creatures vanquished.

Vanquished Creatures (others)
  An orc high priest (D:14)
  An orc sorcerer (D:11)
  4 orc knights
  5 orc warriors
  A spatial vortex (Abyss:3)
  4 orc priests
  5 orc wizards
  A mummy (D:4)
  29 orcs
  4 foxfires (Abyss:3)
  15 fungi (D:11)
  59 plants
129 creatures vanquished.

Grand Total: 613 creatures vanquished
